 Dungeon Crawl Stone Soup version 0.31-a0-219-g8d62b2e7bb (webtiles) character file.

Game seed: 433102470440823553

68 qw the Shooter (level 4, -4/26 HPs)
             Began as a Gargoyle Hexslinger on July 3, 2023.
             Killed by divine providence
             ... invoked by an orc priest
              (12 damage)
             ... on level 2 of the Dungeon.
             The game lasted 00:00:40 (1318 turns).

qw the Shooter (Gargoyle Hexslinger)                Turns: 1318, Time: 00:00:40

Health: -4/26      AC:  6    Str: 11    XL:     4   Next: 19%
Magic:  5/5        EV: 12    Int: 14    God:
Gold:   72         SH:  0    Dex: 14    Spells: 4/5 levels left

rFire   . . .        Y - +1 sling
rCold   . . .        (no shield)
rNeg    + . .        c - +0 robe
rPois   inf          h - +0 helmet
rElec   +            (no cloak)
rCorr   .            (no gloves)
SInv    .            (no boots)
Will    .....        (no amulet)
Stlth   +            (no ring)
HPRegen 0.24/turn    (no ring)
MPRegen 0.09/turn

%: no passive effects
@: no status effects
A: sickness immunity, AC +3, negative energy resistance 1, electricity
resistance, torment resistance 1, petrification resistance
a: no special abilities


You were on level 2 of the Dungeon.
You visited 1 branch of the dungeon, and saw 2 of its levels.

You collected 72 gold pieces.


Innate Abilities, Weirdness & Mutations

You are immune to sickness and miasma.
Your stone body is resilient. (AC +3)
You are immune to poison.
You resist negative energy. (rN+)
You are resistant to electric shocks. (rElec)
You are resistant to unholy torment.
You are immune to petrification.


   Skills:
 - Level 2.0 Fighting
 + Level 4.0 Ranged Weapons
 - Level 1.5 Dodging
 - Level 1.0 Spellcasting
 - Level 2.6 Hexes


You had 4 spell levels left.
You knew the following spells:

 Your Spells              Type           Power      Damage    Failure   Level
a - Slow                  Hex            32%        N/A       9%          1

Your spell library contained the following spells:

 Spells                   Type           Power      Damage    Failure   Level
 Inner Flame              Hex/Fire       4%         N/A       41%         3
 Portal Projectile        Hex/Tloc       8%         N/A       41%         3
 Cause Fear               Hex            4%         N/A       65%         4

Inventory:

Hand Weapons
 Y - a +1 sling (weapon)
Armour
 c - a +0 robe (worn)
 h - a +0 helmet (worn)
Jewellery
 b - a +5 ring of evasion
Scrolls
 e - a scroll of identify
Potions
 a - a potion of mutation {unknown}
 d - a potion of invisibility {unknown}

Dungeon Overview and Level Annotations

Branches:
Dungeon (2/15)

Altars:


Message History

The orc wizard is moderately wounded.
The orc wizard casts a spell at you.
You are confused.
1312 ||| DRINKING potion of curing.
You feel better.
1312 ||| (to cure confusion)
The orc wizard hits you but does no damage.
You shoot a sling bullet.
The sling bullet hits the orc wizard but does no damage.
The orc wizard is moderately wounded.
The orc wizard gestures at you while chanting.
The magic dart hits you but does no damage.
The orc wizard closely misses you.
The orc priest calls upon Beogh to heal the orc wizard.
The orc wizard's wounds heal themselves!
You shoot a sling bullet.
The sling bullet completely misses the orc wizard.
The sling bullet hits the orc priest but does no damage.
The orc priest is heavily wounded.
The orc wizard barely misses you.
The orc priest casts a cantrip, but nothing happens.
You shoot a sling bullet.
The sling bullet barely misses the orc wizard.
The sling bullet hits the orc priest.
The orc priest is heavily wounded.
The orc wizard hits you but does no damage.
You shoot a sling bullet. The sling bullet hits the orc wizard.
The orc wizard is heavily wounded.
The orc wizard hits you with a +0 dagger.
The orc priest calls down the wrath of Beogh upon you.
Beogh smites you!
Ouch! That really hurt!
You shoot a sling bullet. The sling bullet hits the orc wizard.
The orc wizard is heavily wounded.
The orc wizard hits you with a +0 dagger.
You shoot a sling bullet. The sling bullet hits the orc wizard.
The orc wizard is severely wounded.
The orc wizard barely misses you.
The orc priest calls down the wrath of Beogh upon you.
Beogh smites you!
You die...

#.............####
#..............#
#.#########'##.###
#.# #.##.... #.#
#.#####. #.#
#.....#. #.#
#.....## #.#
#.....# #@#
#.....# #o#
#.....#


woo #.....# ..oo. #.....# ....... #.....## ........# #.....%. .........#
##....## ..........# ###.... #.### You could see an orc priest, an orc wizard, a
dart slug and 3 orcs.

Vanquished Creatures
  An adder (D:2)
  A worm (D:2)
  A dart slug (D:2)
  5 ball pythons
  4 bats
  5 endoplasms
  5 giant cockroaches
  3 goblins
  10 hobgoblins
  3 jackals (D:1)
  4 kobolds
  2 quokkas (D:1)
  2 frilled lizards (D:1)
  2 rats
48 creatures vanquished.

Notes
Turn   | Place    | Note
-------+----------+-------------------------------------------
     0 | D:1      | qw the Gargoyle Hexslinger began the quest for the Orb.
     0 | D:1      | Reached XP level 1. HP: 12/12 MP: 2/2
     0 | D:1      | 0 ||| qw: Version: 0.3-a-40-ge99b1a8
     0 | D:1      | 0 ||| qw: Game counter: 441
     0 | D:1      | 0 ||| qw: Melee chars always use a shield: true
     0 | D:1      | 0 ||| qw: God list: Okawaru
     0 | D:1      | 0 ||| qw: Allow faded altars: false
     0 | D:1      | 0 ||| qw: Do Orc after clearing Dungeon:15 true
     0 | D:1      | 0 ||| qw: Do second Lair branch before Depths: true
     0 | D:1      | 0 ||| qw: Lair rune preference: random
     0 | D:1      | 0 ||| qw: Goals: Normal
     0 | D:1      | 0 ||| PLANNING D:1-11
    21 | D:1      | HP: 3/12 [hobgoblin (4)]
    25 | D:1      | Reached XP level 2. HP: 3/16 MP: 3/3
   107 | D:1      | Reached skill level 3 in Ranged Weapons
   212 | D:1      | Reached XP level 3. HP: 19/21 MP: 4/4
   571 | D:1      | Found a faded altar of an unknown god.
   819 | D:1      | 819 ||| UPGRADING to +0 helmet.
   824 | D:1      | 824 ||| DROPPING ring of flight.
   825 | D:1      | 825 ||| READING scroll labelled QAM COEBALU.
   826 | D:1      | 826 ||| READING scroll labelled GIHEUMNUL HESINWOL.
   827 | D:1      | 827 ||| READING scroll labelled TENWURCHUVVE.
   828 | D:1      | 828 ||| READING scroll labelled JEUSOS UKKIRIE.
   829 | D:1      | 829 ||| DRINKING 2 smoky ruby potions.
   830 | D:1      | 830 ||| DROPPING scroll of poison.
  1095 | D:2      | Reached XP level 4. HP: 26/26 MP: 5/5
  1098 | D:2      | Reached skill level 4 in Ranged Weapons
  1312 | D:2      | 1312 ||| DRINKING potion of curing.
  1312 | D:2      | 1312 ||| (to cure confusion)
  1318 | D:2      | Killed from afar by an orc priest

Levels and vault maps discovered:
D:1:      ebering_trefoil_3fold, layout_basic,
          shapermc_ecumenical_altar_mp_urbaneastern, feat_on_display
D:2:      layout_basic, interstate_on_off, uniq_crazy_yiuf_cottage

Skill      XL: |  1  2  3  4 |
---------------+-------------+-----
Ranged Weapons | 3 4 |  4.0
Fighting       | 2 |  2.0
Dodging        | |  1.5
Spellcasting   | |  1.0
Hexes          | |  2.6

Action                     |  1- 3 |  4- 6 || total
---------------------------+-------+-------++-------
   Fire: Sling             |   161 |    23 ||   184
    Use: Scroll            |     4 |       ||     4
         Potion            |     1 |     1 ||     2
 Armour: Robe              |    35 |     6 ||    41
  Dodge: Dodged            |    69 |    11 ||    80

Table legend:
 A = Non-vault XP
 B = Vault XP
 C = Vault XP percentage of total XP
 D = Non-vault monster count
 E = Vault monster count
 F = Vault count percentage of total count
                 A         B        C        D         E       F
            +---------+---------+-------+---------+---------+-------
      Total |      98 |       0 |   0.0 |      48 |       0 |   0.0
            +---------+---------+-------+---------+---------+-------
        D:1 |      59 |       0 |   0.0 |      33 |       0 |   0.0
        D:2 |      39 |       0 |   0.0 |      15 |       0 |   0.0
            +---------+---------+-------+---------+---------+-------
